 Dungeon Crawl Stone Soup version 0.31-a0-700-gf13585253f (webtiles) character file.

Game seed: 10355707460987701297

2324 qw the Skirmisher (level 9, -2/56 HPs)
             Began as a Gargoyle Hunter on Sept 7, 2023.
             Was a Follower of Okawaru.
             Slain by a wight
             ... wielding a +0 long sword
              (3 damage)
             ... on level 7 of the Dungeon.
             The game lasted 00:03:05 (6497 turns).

qw the Skirmisher (Gargoyle Hunter)                 Turns: 6497, Time: 00:03:06

Health: -2/56      AC: 18    Str: 15    XL:     9   Next: 42%
Magic:  12/12      EV: 16    Int: 10    God:    Okawaru [*.....]
Gold:   102        SH:  0    Dex: 17    Spells: 8/8 levels left

rFire   . . .        Y - +1 orcbow
rCold   . . .        (shield currently unavailable)
rNeg    + . .        c - +0 steam dragon scales
rPois   inf          n - +1 hat
rElec   +            b - +0 cloak
rCorr   .            m - +0 pair of gloves
SInv    .            e - +0 pair of boots
Will    .....        (no amulet)
Stlth   +++          (no ring)
HPRegen 0.29/turn    (no ring)
MPRegen 0.13/turn

%: no passive effects
@: about to teleport, heroic
A: sickness immunity, AC +6, negative energy resistance 1, electricity
resistance, torment resistance 1, petrification resistance
a: Renounce Religion, Heroism


You were on level 7 of the Dungeon.
You worshipped Okawaru.
Okawaru was aware of your devotion.
You visited 1 branch of the dungeon, and saw 7 of its levels.

You collected 313 gold pieces.
You spent 211 gold pieces at shops.


Innate Abilities, Weirdness & Mutations

You are immune to sickness and miasma.
Your stone body is resilient. (AC +6)
You are immune to poison.
You resist negative energy. (rN+)
You are resistant to electric shocks. (rElec)
You are resistant to unholy torment.
You are immune to petrification.


   Skills:
 + Level 6.3(11.3) Fighting
 - Level 10.0(15.0) Ranged Weapons
 - Level 3.2(8.2) Armour
 - Level 3.2(8.2) Dodging
 - Level 1.1(6.1) Stealth
 - Level 4.0 Invocations


You had 8 spell levels left.
You didn't know any spells.
Your spell library was empty.

Inventory:

Hand Weapons
 Y - a +1 orcbow (weapon)
Armour
 b - a +0 cloak (worn)
 c - +0 steam dragon scales (worn)
 e - a +0 pair of boots (worn)
 m - a +0 pair of gloves (worn)
 n - a +1 hat (worn)
Wands
 f - a wand of digging (5)
Scrolls
 d - a scroll of brand weapon {unknown}
 g - 7 scrolls of identify
 j - a scroll of enchant armour {unknown}
Potions
 h - 2 potions of curing
 i - 2 potions of haste
 k - a potion of might
 o - 2 potions of enlightenment

Dungeon Overview and Level Annotations

Branches:
Dungeon (7/15)             Temple (0/1) D:5

Altars:
Ashenzari
Cheibriados
Gozag
Hepliaklqana
Nemelex Xobeh
Okawaru
Qazlal
Uskayaw
Wu Jian
Zin

Shops:
D:1 (?![*   D:5 ?*   D:7 (


Message History

The wight barely misses you. The wight hits you but does no damage.
Enter note:
Enter note:
6489 |||
Found retreat position at -2,0 (floor) with 0 blocking monsters and 4 monsters attacking at destination at distance 2
6489 ||| Stepping ~*~*~tactically~*~*~ (retreating).
The wight attacks as it pursues you!
The wight hits you with a +0 long sword.
The wight hits you but does no damage.
Enter note:
Enter note:
6490 |||
Found retreat position at -1,-1 (floor) with 0 blocking monsters and 4 monsters attacking at destination at distance 1
6490 ||| Stepping ~*~*~tactically~*~*~ (retreating).
The wight barely misses you.
6491 |||
Found retreat position at 0,-1 (floor) with 0 blocking monsters and 3 monsters attacking at destination at distance 1
Enter note:
Enter note:
6491 ||| Stepping ~*~*~tactically~*~*~ (retreating).
The wight hits you from afar with a +4 halberd of freezing.
The wight freezes you. The wight closely misses you.
You shoot an arrow. The arrow barely misses the wight.
The wight completely misses you. The wight misses you.
The wight hits you but does no damage.
You shoot an arrow. The arrow barely misses the wight.
You shoot an arrow.
The arrow hits the wight but does no damage.
The wight is severely damaged.
The wight hits you from afar with a +4 halberd of freezing!
The wight freezes you. The wight barely misses you. The wight misses you.
6495 ||| READING scroll of teleportation.
As you read the scroll of teleportation, it crumbles to dust.
You feel strangely unstable. The wight barely misses you. The wight misses you.
The wight barely misses you.
You shoot an arrow. The arrow completely misses the wight.
The wight closely misses you.
The wight hits you with a +0 long sword.
You shoot an arrow. The arrow hits the wight.
The wight is almost destroyed.
The wight misses you. The wight hits you but does no damage.
The wight hits you with a +0 long sword.
You die...

.... ........ #....... .#
###....... .. ##....... .#.
##....... .. ... #...#..#
..# ..) #@##<####..# ..
#zzz......## # ##zz.......#
# ##.........# ## .#....
##........# #. .......##
##.......######.
.........####........##.##..
..........#...........(.....
#........##........#......##


You could see 5 wights.

Vanquished Creatures
  A vampire (D:7)
  A steam dragon (D:6)
  Menkaure (D:7)
  An ice beast (D:6)
  4 sky beasts
  A centaur (D:5)
  3 ogres
  6 scorpions
  A howler monkey (D:6)
  5 hounds
  2 jellies (D:6)
  3 orc priests
  Ijyb (D:5)
  A sleepcap (D:7)
  Natasha (thrice) (D:3)
  3 iguanas
  2 orc wizards
  A gnoll (D:7)
  6 adders
  A white imp (D:6)
  An ufetubus (D:7)
  A worm (D:2)
  4 dart slugs
  24 orcs
  7 ball pythons
  9 bats
  9 endoplasms
  8 giant cockroaches
  4 goblins
  8 hobgoblins
  4 kobolds
  2 quokkas
  6 frilled lizards
  7 rats
141 creatures vanquished.

Notes
Turn   | Place    | Note
-------+----------+-------------------------------------------
     0 | D:1      | qw the Gargoyle Hunter began the quest for the Orb.
     0 | D:1      | Reached XP level 1. HP: 12/12 MP: 1/1
     0 | D:1      | 0 ||| qw: Version: 0.3-a-76-g4403597
     0 | D:1      | 0 ||| qw: Game counter: 682
     0 | D:1      | 0 ||| qw: Melee chars always use a shield: true
     0 | D:1      | 0 ||| qw: God list: Okawaru
     0 | D:1      | 0 ||| qw: Allow faded altars: false
     0 | D:1      | 0 ||| qw: Do Orc after clearing Dungeon:15 true
     0 | D:1      | 0 ||| qw: Do second Lair branch before Depths: true
     0 | D:1      | 0 ||| qw: Lair rune preference: random
     0 | D:1      | 0 ||| qw: Goals: Normal
     0 | D:1      | 0 ||| PLANNING D:1-11
    71 | D:1      | Found Zomoacw's Magic Scroll Emporium.
    99 | D:1      | 99 ||| SHOPLISTING scroll of identify (28 gold, have 27).
    99 | D:1      | 99 ||| SHOPLISTING scroll of teleportation (42 gold, have
                  | 27).
    99 | D:1      | Found Sahyhil's Weapon Shop.
   111 | D:1      | 111 ||| RETREATING.
   123 | D:1      | Reached XP level 2. HP: 16/17 MP: 2/2
   222 | D:1      | Found Yczyruby's Distillery.
   230 | D:1      | 230 ||| SHOPLISTING potion of curing (42 gold, have 41).
   230 | D:1      | 230 ||| SHOPLISTING potion of heal wounds (70 gold, have
                  | 41).
   230 | D:1      | 230 ||| SHOPLISTING potion of mutation (112 gold, have 41).
   260 | D:1      | Reached XP level 3. HP: 16/21 MP: 3/3
   286 | D:1      | Found Kuutam's Antique Armour Emporium.
   287 | D:1      | Found Orgheliff's General Store.
   295 | D:1      | Reached skill level 5 in Ranged Weapons
   307 | D:1      | 307 ||| SHOPLISTING ring of see invisible (210 gold, have
                  | 63).
   307 | D:1      | 307 ||| SHOPLISTING ring of willpower (350 gold, have 63).
   307 | D:1      | 307 ||| BUYING scroll of identify (28 gold).
   307 | D:1      | Bought a scroll of identify for 28 gold pieces
   318 | D:1      | 318 ||| SHOPLISTING pair of gloves (103 gold, have 35).
   318 | D:1      | 318 ||| SHOPLISTING runed ring mail (161 gold, have 35).
   318 | D:1      | 318 ||| SHOPLISTING shiny ring mail (161 gold, have 35).
   520 | D:1      | 520 ||| UPGRADING to +0 ring mail.
   530 | D:1      | 530 ||| DROPPING +0 leather armour.
   531 | D:1      | 531 ||| READING 2 scrolls labelled ESINLEHETA.
   536 | D:1      | 536 ||| READING scroll labelled RYKYZUR HOPY.
   537 | D:1      | 537 ||| READING scroll labelled PENKAW OCEDI.
   538 | D:1      | 538 ||| DROPPING scroll of butterflies.
   690 | D:2      | Reached skill level 1 in Armour
   842 | D:2      | Reached skill level 3 in Fighting
   842 | D:2      | Reached XP level 4. HP: 28/28 MP: 4/4
  1484 | D:2      | 1484 ||| UPGRADING to +0 pair of gloves.
  1489 | D:2      | 1489 ||| READING scroll labelled HYPHEPI GEMUPS.
  1490 | D:2      | 1490 ||| DRINKING 3 inky potions.
  1491 | D:2      | 1491 ||| DRINKING 2 fizzy emerald potions.
  1492 | D:2      | 1492 ||| DRINKING 2 red potions.
  1493 | D:2      | 1493 ||| READING 4 scrolls of identify.
  1493 | D:2      | 1493 ||| IDENTIFYING murky white potion
  1494 | D:2      | 1494 ||| READING 3 scrolls of identify.
  1494 | D:2      | 1494 ||| IDENTIFYING golden potion
  1495 | D:2      | 1495 ||| READING 2 scrolls of identify.
  1495 | D:2      | 1495 ||| IDENTIFYING smoky green potion
  1496 | D:2      | 1496 ||| DROPPING potion of lignification.
  1497 | D:2      | 1497 ||| DROPPING potion of ambrosia.
  1498 | D:2      | 1498 ||| DROPPING 2 potions of brilliance.
  1499 | D:2      | 1499 ||| DROPPING potion of attraction.
  1639 | D:3      | Reached XP level 5. HP: 32/32 MP: 5/5
  1683 | D:3      | Noticed a sky beast
  1700 | D:3      | Killed a sky beast
  1701 | D:3      | Reached skill level 6 in Ranged Weapons
  1817 | D:3      | Reached XP level 6. HP: 37/37 MP: 6/6
  1841 | D:3      | Found a hide-covered altar of Uskayaw.
  1912 | D:3      | Noticed Natasha
  1916 | D:3      | Killed Natasha
  2036 | D:3      | Found a broken altar of Ashenzari.
  2038 | D:3      | You fall into a shaft and drop 3 floors!
  2053 | D:6      | Noticed an ice beast
  2073 | D:6      | HP: 5/37 [ice beast (5)]
  2074 | D:6      | 2074 ||| READING 2 scrolls of teleportation.
  2075 | D:6      | 2075 ||| DRINKING potion of heal wounds.
  2228 | D:6      | 2228 ||| UPGRADING to +0 cloak.
  2233 | D:6      | 2233 ||| UPGRADING to +1 hat.
  2238 | D:6      | 2238 ||| READING scroll labelled APLEAN LETWEU.
  2239 | D:6      | 2239 ||| READING scroll labelled MON SOGEZIL.
  2269 | D:6      | 2269 ||| READING scroll labelled YCSOILEGGY.
  2270 | D:6      | 2270 ||| READING scroll labelled YGALAM XOVAZEPH.
  2271 | D:6      | 2271 ||| READING 4 scrolls labelled OQOSTUCVIF.
  2272 | D:6      | 2272 ||| READING 3 scrolls of identify.
  2272 | D:6      | 2272 ||| IDENTIFYING coppery potion
  2273 | D:6      | 2273 ||| READING 2 scrolls of identify.
  2273 | D:6      | 2273 ||| IDENTIFYING fuming coppery potion
  2274 | D:6      | 2274 ||| DROPPING potion of invisibility.
  2275 | D:6      | 2275 ||| DROPPING 3 scrolls of poison.
  2284 | D:5      | Entered Level 5 of the Dungeon
  2439 | D:5      | Reached skill level 7 in Ranged Weapons
  2525 | D:5      | 2525 ||| Stepping ~*~*~tactically~*~*~ (outnumbered).
  2576 | D:5      | 2576 ||| DROPPING ring of magical power.
  2577 | D:5      | 2577 ||| DRINKING 2 amethyst potions.
  2578 | D:5      | 2578 ||| DRINKING 2 fuming grey potions.
  2579 | D:5      | 2579 ||| DROPPING potion of degeneration.
  2607 | D:4      | Reached XP level 7. HP: 40/43 MP: 7/7
  2732 | D:3      | Noticed Natasha
  2741 | D:3      | Killed Natasha
  2845 | D:3      | Found a stormy altar of Qazlal.
  2942 | D:3      | Noticed Natasha
  2951 | D:3      | Killed Natasha
  3248 | D:4      | 3248 ||| FLEEEEING.
  3249 | D:4      | 3249 ||| FLEEEEING.
  3250 | D:4      | 3250 ||| FLEEEEING.
  3362 | D:4      | Reached skill level 8 in Ranged Weapons
  3593 | D:4      | Found an iron altar of Okawaru.
  3594 | D:4      | 3594 ||| PLANNING OKAWARU WORSHIP
  3607 | D:4      | 3607 ||| READING scroll labelled TUDWEQ ODURRE.
  3619 | D:4      | Became a worshipper of Warmaster Okawaru
  3620 | D:4      | 3620 ||| PLANNING D:1-11
  3964 | D:5      | Found an opulent altar of Gozag.
  3983 | D:5      | Reached XP level 8. HP: 29/49 MP: 8/8
  4115 | D:5      | Found a glowing silver altar of Zin.
  4116 | D:5      | Noticed Ijyb
  4119 | D:5      | 4119 ||| FLEEEEING.
  4120 | D:5      | 4120 ||| FLEEEEING.
  4128 | D:5      | 4128 ||| READING scroll of teleportation.
  4129 | D:5      | 4129 ||| FLEEEEING.
  4130 | D:5      | 4130 ||| FLEEEEING.
  4369 | D:5      | 4369 ||| SWAPPING to +0 orcbow.
  4370 | D:5      | 4370 ||| DROPPING +1 shortbow.
  4645 | D:5      | Found a sparkling altar of Nemelex Xobeh.
  4648 | D:5      | Found an ornate altar of the Wu Jian Council.
  4692 | D:5      | Reached * piety under Okawaru
  4696 | D:5      | Found Jyannaer's Assorted Antiques.
  4697 | D:5      | Found Onukh's Magic Scroll Shop.
  4704 | D:5      | 4704 ||| BUYING scroll of enchant weapon (90 gold).
  4704 | D:5      | Bought a scroll of enchant weapon for 90 gold pieces
  4704 | D:5      | 4704 ||| BUYING scroll of identify (24 gold).
  4704 | D:5      | Bought a scroll of identify for 24 gold pieces
  4704 | D:5      | 4704 ||| BUYING scroll of identify (24 gold).
  4704 | D:5      | Bought a scroll of identify for 24 gold pieces
  4704 | D:5      | 4704 ||| BUYING scroll of identify (24 gold).
  4704 | D:5      | Bought a scroll of identify for 24 gold pieces
  4704 | D:5      | 4704 ||| SHOPLISTING scroll of teleportation (36 gold, have
                  | 17).
  4704 | D:5      | 4704 ||| READING scroll of enchant weapon.
  4704 | D:5      | 4704 ||| ENCHANTING +0 orcbow.
  4745 | D:5      | 4745 ||| BUYING fuming blue potion (21 gold).
  4745 | D:5      | Bought a fuming blue potion for 21 gold pieces
  4745 | D:5      | 4745 ||| SHOPLISTING glowing shortbow (144 gold, have 14).
  4745 | D:5      | 4745 ||| SHOPLISTING scroll of teleportation (72 gold, have
                  | 14).
  4745 | D:5      | 4745 ||| SHOPLISTING wand of digging (5) (504 gold, have
                  | 14).
  4808 | D:5      | 4808 ||| INVOKING Heroism.
  4811 | D:5      | HP: 9/49 [ogre/+0 giant club (21)]
  4813 | D:5      | Reached skill level 9 in Ranged Weapons
  4959 | D:5      | Found a snail-covered altar of Cheibriados.
  4960 | D:5      | 4960 ||| FLEEEEING.
  4962 | D:5      | 4962 ||| STAIRDANCE
  5064 | D:4      | 5064 ||| UPGRADING to +0 pair of boots.
  5069 | D:4      | 5069 ||| READING scroll labelled EKEGHI ACLE.
  5070 | D:4      | 5070 ||| READING scroll labelled TELASI JYZU.
  5071 | D:4      | 5071 ||| READING 5 scrolls of identify.
  5071 | D:4      | 5071 ||| IDENTIFYING fuming blue potion
  5111 | D:5      | Killed Ijyb
  5132 | D:5      | Reached skill level 1 in Invocations
  5143 | D:5      | Found a hazy altar of Hepliaklqana.
  5219 | D:5      | Found a staircase to the Ecumenical Temple.
  5220 | D:5      | 5220 ||| INVOKING Heroism.
  5223 | D:5      | Reached skill level 3 in Armour
  5334 | D:6      | 5334 ||| STAIRDANCE
  5338 | D:6      | 5338 ||| STAIRDANCE
  5342 | D:6      | 5342 ||| STAIRDANCE
  5346 | D:6      | 5346 ||| STAIRDANCE
  5350 | D:6      | 5350 ||| STAIRDANCE
  5354 | D:6      | 5354 ||| STAIRDANCE
  5358 | D:6      | 5358 ||| STAIRDANCE
  5362 | D:6      | 5362 ||| STAIRDANCE
  5366 | D:6      | 5366 ||| STAIRDANCE
  5370 | D:6      | 5370 ||| STAIRDANCE
  5374 | D:6      | 5374 ||| STAIRDANCE
  5378 | D:6      | 5378 ||| STAIRDANCE
  5382 | D:6      | 5382 ||| STAIRDANCE
  5386 | D:6      | 5386 ||| STAIRDANCE
  5390 | D:6      | 5390 ||| STAIRDANCE
  5394 | D:6      | 5394 ||| STAIRDANCE
  5398 | D:6      | 5398 ||| STAIRDANCE
  5402 | D:6      | 5402 ||| STAIRDANCE
  5406 | D:6      | 5406 ||| STAIRDANCE
  5410 | D:6      | 5410 ||| STAIRDANCE
  5418 | D:6      | 5418 ||| FLEEEEING.
  5426 | D:6      | 5426 ||| FLEEEEING.
  5428 | D:6      | 5428 ||| FLEEEEING.
  5429 | D:6      | 5429 ||| FLEEEEING.
  5438 | D:6      | 5438 ||| FLEEEEING.
  5439 | D:6      | 5439 ||| FLEEEEING.
  5440 | D:6      | 5440 ||| FLEEEEING.
  5441 | D:6      | 5441 ||| FLEEEEING.
  5442 | D:6      | 5442 ||| FLEEEEING.
  5443 | D:6      | 5443 ||| FLEEEEING.
  5567 | D:6      | 5567 ||| Stepping ~*~*~tactically~*~*~ (retreating).
  5573 | D:6      | Reached skill level 6 in Fighting
  5918 | D:6      | 5918 ||| INVOKING Heroism.
  5921 | D:6      | 5921 ||| Stepping ~*~*~tactically~*~*~ (cloud).
  5922 | D:6      | 5922 ||| Stepping ~*~*~tactically~*~*~ (cloud).
  5930 | D:6      | Reached skill level 3 in Invocations
  5930 | D:6      | Reached XP level 9. HP: 41/56 MP: 8/11
  6252 | D:6      | 6252 ||| UPGRADING to +0 steam dragon scales.
  6262 | D:6      | 6262 ||| DROPPING +0 ring mail.
  6311 | D:7      | 6311 ||| INVOKING Heroism.
  6327 | D:7      | Noticed Menkaure
  6333 | D:7      | Killed Menkaure
  6416 | D:7      | Found Yclyci's Weapon Shop.
  6421 | D:7      | Reached skill level 10 in Ranged Weapons
  6470 | D:7      | 6470 ||| RETREATING.
  6477 | D:7      | Reached skill level 3 in Dodging
  6479 | D:7      | 6479 ||| INVOKING Heroism.
  6483 | D:7      | 6483 ||| Stepping ~*~*~tactically~*~*~ (retreating).
  6484 | D:7      | 6484 ||| Stepping ~*~*~tactically~*~*~ (retreating).
  6485 | D:7      | 6485 ||| Stepping ~*~*~tactically~*~*~ (retreating).
  6486 | D:7      | 6486 ||| Stepping ~*~*~tactically~*~*~ (retreating).
  6487 | D:7      | 6487 ||| Stepping ~*~*~tactically~*~*~ (retreating).
  6488 | D:7      | 6488 ||| Stepping ~*~*~tactically~*~*~ (retreating).
  6489 | D:7      | 6489 ||| Stepping ~*~*~tactically~*~*~ (retreating).
  6490 | D:7      | 6490 ||| Stepping ~*~*~tactically~*~*~ (retreating).
  6491 | D:7      | 6491 ||| Stepping ~*~*~tactically~*~*~ (retreating).
  6494 | D:7      | HP: 10/56 [wight/+4 halberd of freezing (7)]
  6495 | D:7      | 6495 ||| READING scroll of teleportation.
  6496 | D:7      | HP: 1/56 [wight/+0 long sword (6)]
  6497 | D:7      | Slain by a wight

Levels and vault maps discovered:
D:1:      giann_wishing_wells, layout_rooms, serial_shops, shop, shop, shop,
          nicolae_shop_industrial_runoff, shop, minmay_strange_pillars
D:2:      minmay_thinvault, layout_loops_ring
D:3:      layout_loops_ring, nicolae_uskayaw_murder_on_the_dancefloor,
          mainiacjoe_overflow_small_starburst, nicolae_qazlal_eye_of_the_storm,
          uniq_natasha
D:4:      layout_loops_ring, okawaru_gym_becter, guppyfry_early_lair_pool
D:5:      layout_loops_ring, old_standard_altar,
          gammafunk_temple_overflow_forgotten, nicolae_overflow_hidden_temple,
          minmay_temple_entry_proselytizer, nicolae_wooded_promenade,
          roderic_serpentine_path, uniq_ijyb
D:6:      layout_basic
D:7:      layout_cave_pools, serial_shops, shop, st_stairs_5,
          hellmonk_guarded_unrand_gyre_and_gimble, uniq_menkaure, uniq_jeremiah

Skill      XL: |  1  2  3  4  5  6  7  8  9 |
---------------+----------------------------+-----
Ranged Weapons | 5 6 7 8 9 10 | 10.0
Armour         | 1 2 3 |  3.2
Fighting       | 3 4 5 6 |  6.3
Dodging        | 2 3 |  3.2
Invocations    | 3 4 |  4.0
Stealth        | |  1.1

Action                     |  1- 3 |  4- 6 |  7- 9 || total
---------------------------+-------+-------+-------++-------
   Fire: Shortbow          |   142 |   250 |   123 ||   515
         Orcbow            |       |       |   166 ||   166
 Invoke: Heroism           |       |       |     5 ||     5
    Use: Scroll            |     3 |    12 |     7 ||    22
         Potion            |       |     6 |       ||     6
 Armour: Leather armour    |    40 |       |       ||    40
         Ring mail         |    21 |   101 |    92 ||   214
         Skin              |       |       |     4 ||     4
         Steam dragon scal |       |       |    24 ||    24
  Dodge: Dodged            |    69 |    71 |   109 ||   249

Table legend:
 A = Non-vault XP
 B = Vault XP
 C = Vault XP percentage of total XP
 D = Non-vault monster count
 E = Vault monster count
 F = Vault count percentage of total count
                 A         B        C        D         E       F
            +---------+---------+-------+---------+---------+-------
      Total |    3014 |     306 |   9.2 |     123 |      18 |  12.8
            +---------+---------+-------+---------+---------+-------
        D:1 |      45 |       0 |   0.0 |      24 |       0 |   0.0
        D:2 |      54 |      22 |  28.9 |      15 |      14 |  48.3
        D:3 |     283 |      35 |  11.0 |      19 |       1 |   5.0
        D:4 |     345 |       0 |   0.0 |      19 |       0 |   0.0
        D:5 |     965 |      77 |   7.4 |      22 |       2 |   8.3
        D:6 |     684 |       0 |   0.0 |      12 |       0 |   0.0
        D:7 |     638 |     172 |  21.2 |      12 |       1 |   7.7
            +---------+---------+-------+---------+---------+-------
